Map: Prion Terraces

Players

FrostyFenix - Winner!

  • Race: Zerg Zerg
  • League: Diamond

LilDicky

  • Race: Terran Terran
  • League: Diamond

VOD

http://www.twitch.tv/tumescentpie

Description

Time

  • Played on: Nov. 25, 2015, 7:53 p.m.
  • Length: 4:46
Show
View Real Time Build Order
Export as new Build Order

FrostyFenix Zerg - Winner!

Build Orders: Hatch First 

Get SALT Encoding   

  12  0:01  Drone  
  13  0:08  Drone  
  14  0:15  Extractor  
  14  0:16  Drone  
  15  0:23  Overlord  
  15  0:47  Hatchery  
  14  0:50  Drone  
  15  1:01  Drone  
  16  1:08  Spawning Pool  
  15  1:11  Extractor  
  15  1:12  Drone  
  15  1:16  Drone  
  16  1:24  Drone  
  17  1:37  Overlord  
  17  1:38  Overlord  
  17  1:54  Queen  
  17  1:58  Queen  
  17  2:01  Drone  
  22  2:09  Drone  
  22  2:13  Metabolic Boost  
  23  2:23  Drone x2  
  23  2:24  Drone  
  26  2:36  Extractor  
  26  2:49  Baneling Nest  
  26  2:51  Extractor  
  24  2:55  Zergling x4  
  24  2:56  Zergling x8  
  30  3:07  Zergling x4  
  30  3:08  Zergling x4  
  34  3:30  Zergling x10  
  39  3:37  Overlord x2  
  39  3:52  Zergling x8  
  43  4:00  Zergling x4  
  43  4:01  Zergling x2  
  46  4:04  Baneling  
  46  4:13  Baneling x5  
  46  4:19  Zergling x2  
  46  4:20  Zergling x2  
Show
View Real Time Build Order
Export as new Build Order

LilDicky Terran 

Build Orders:  

Get SALT Encoding   

  12  0:01  SCV  
  13  0:13  SCV  
  14  0:18  Supply Depot  
  14  0:25  SCV  
  15  0:35  Refinery  
  15  0:39  SCV  
  16  0:45  Barracks  
  16  0:51  SCV  
  17  1:03  SCV  
  18  1:16  SCV  
  19  1:28  SCV  
  19  1:32  Reaper  
  21  1:40  Orbital Command  
  21  1:46  Command Center  
  21  1:56  Supply Depot  
  21  2:04  Reaper  
  22  2:09  SCV  
  22  2:14  Refinery  
  23  2:21  SCV, Factory  
  24  2:46  SCV  
  24  2:50  Barracks Reactor  
  25  2:58  SCV  
  26  3:10  Starport  
  26  3:11  SCV  
  26  3:12  Orbital Command  
  27  3:22  Refinery  
  27  3:23  SCV  
  28  3:28  Refinery  
  28  3:32  Barracks Reactor  
  28  3:35  Hellion x2  
  28  3:36  SCV  
  28  3:40  SCV  
  34  3:48  SCV  
  33  3:55  Orbital Command  
  33  4:04  Hellion x2  
  37  4:23  SCV  
  41  4:24  Command Center  
  41  4:27  Command Center  
  44  4:32  SCV  
Tags
 
Add a new tag
Caveats
  • Supply blocks, unpowered buildings, or Contaminate may cause inaccurate times.
  • Supply counts are checked every 10 seconds.